 Dungeon Crawl Stone Soup version 0.23.2-1-ga50397a (webtiles) character file.

Game seed: 4440389152786057310

5912 RitorJet the Carver (level 11, -10/84 HPs)
             Began as a Formicid Fighter on May 31, 2019.
             Mangled by an orc warrior
             ... wielding a +0 morningstar
             ... led by an orc knight
              (26 damage)
             ... on level 1 of the Orcish Mines.
             The game lasted 00:25:43 (9180 turns).

RitorJet the Carver (Formicid Fighter)              Turns: 9180, Time: 00:25:44

Health: -10/84     AC: 14    Str: 21    XL:     11   Next: 8%
Magic:  11/11      EV:  7    Int: 11    God:
Gold:   606        SH: 10    Dex: 10    Spells: 10/10 levels left

rFire    . . .     SeeInvis +   h - +1 sword of Power
rCold    . . .     Gourm    .   c - +0 shield
rNeg     . . .     Faith    .   B - +0 chain mail
rPois    .         Spirit   .   (helmet unavailable)
rElec    .         Reflect  .   n - +0 cloak
rCorr    .         Harm     .   (no gloves)
MR       ++...                  i - +0 pair of boots
Stlth    ..........             (no amulet)
HPRegen  0.24/turn              l - +2 ring of protection
MPRegen  0.12/turn              u - ring of protection from magic

@: very slightly contaminated, invisible (expiring)
A: permanent stasis, dig shafts and tunnels, four strong arms, antennae 3
a: Dig, Shaft Self


You were on level 1 of the Orcish Mines.
You were not hungry.

You visited 3 branches of the dungeon, and saw 11 of its levels.

You collected 606 gold pieces.

Inventory:

Hand Weapons
 a - a +0 war axe
 g - the +2 spear of Loiciwne {vamp, rPois Str+2}
   (You found it on level 4 of the Dungeon)

   It inflicts no extra harm, but heals its wielder when it wounds a living foe.
   It affects your strength (+2).
   It protects you from poison.
 h - the +1 sword of Power (weapon)
   (You found it on level 4 of the Dungeon)
 m - a +3 quarterstaff of chaos
Missiles
 D - 5 silver tomahawks (quivered)
Armour
 b - a +0 scale mail
 c - a +0 shield (worn)
 i - a +0 pair of boots (worn)
 n - a +0 cloak (worn)
 B - a +0 chain mail (worn)
Jewellery
 l - a +2 ring of protection (left hand)
 u - a ring of protection from magic (right hand)
 v - an uncursed ring of ice {unknown}
 A - a cursed -6 ring of protection
 H - an uncursed ring of positive energy {unknown}
Wands
 e - a wand of random effects (18)
 y - a wand of flame (27)
 C - a wand of scattershot (2)
 E - a wand of polymorph (9)
Scrolls
 d - 3 scrolls of teleportation
 k - 4 scrolls of magic mapping {unknown}
 o - 2 scrolls of fog
 p - a scroll of blinking {unknown}
 r - 6 scrolls of remove curse
 s - 2 scrolls of identify
 t - 3 scrolls of enchant armour {unknown}
 x - a scroll of fear {unknown}
 z - 2 scrolls of random uselessness {unknown}
 I - a scroll of summoning {unknown}
Potions
 j - 2 potions of curing
 q - 3 potions of heal wounds
 w - a potion of degeneration {unknown}
 F - a potion of invisibility
 G - a potion of mutation {unknown}
Comestibles
 f - 21 rations
 J - a chunk of flesh


   Skills:
 + Level 7.3 Fighting
 + Level 11.2 Long Blades
 - Level 6.5(7.0) Axes
 - Level 3.9(5.7) Polearms
 - Level 4.9 Armour
 - Level 1.5 Dodging
 - Level 1.3 Stealth
 - Level 5.8 Shields


You had 10 spell levels left.
You didn't know any spells.
Your spell library was empty.

Dungeon Overview and Level Annotations

Branches:
Dungeon (9/15)             Temple (1/1) D:5             Orc (1/2) D:9
   Lair: D:8-11

Altars:
Ashenzari
Cheibriados
Dithmenos
Elyvilon
Fedhas
Gozag
Hepliaklqana
Kikubaaqudgha
Makhleb
Nemelex Xobeh
Okawaru
Qazlal
Ru
Sif Muna
Trog
Uskayaw
Vehumet
Wu Jian
Xom
Yredelemnul
Zin
The Shining One

Annotations:
D:2 Borgoz's ghost, amateur MiMo
D:4 1 runed translucent door, troglodite's ghost, amateur SpAs


Innate Abilities, Weirdness & Mutations

You cannot be hasted, slowed, berserked, paralysed or teleported.
You can dig through walls and to a lower floor.
Your four strong arms can wield two-handed weapons with a shield.
You have a pair of large antennae on your head. (SInv)


Message History

You slash the orc knight!
The orc knight is almost dead.
The orc knight roars a battlecry!
You catch the helpless orc knight completely off-guard!
You hit the orc knight.
You kill the orc knight!
Your Fighting skill increases to level 7!
You closely miss the orc warrior.
The orc warrior hits you with a +0 morningstar!
* * * LOW HITPOINT WARNING * * *
You catch the helpless orc warrior completely off-guard!
You hit the orc warrior but do no damage.
You flicker for a moment.
The orc warrior hits you with a +0 morningstar!
* * * LOW HITPOINT WARNING * * *
You catch the helpless orc warrior completely off-guard!
You hit the orc warrior.
The orc warrior is lightly wounded.
The orc warrior hits you with a +0 morningstar!!
You die...

### #.# # ... ...## .#
... ## ##.#.##...
#...##.#### ........
...{.{${#@###...# .#
#.${.# #o###....##.##..
#....{###{.##.......#..
#...{.#{{.........#...#
#..{.{#{..............
#....{.........#......
#....{.................
.#..{.....#.........#.
...o................####


You could see an orc warrior.

Vanquished Creatures
  An orc knight (Orc:1)
  A cyclops (Orc:1)
  Maurice (D:8)
  A hippogriff (D:8)
  Sigmund (D:2)
  A wyvern (D:8)
  Eustachio (D:5)
  A hungry ghost (D:7)
  A steam dragon (D:4)
  A water moccasin (D:9)
  3 ice beasts
  A sky beast (D:6)
  7 ogres
  3 orc warriors
  3 phantoms
  2 centaurs
  3 bullfrogs
  A scorpion (D:5)
  6 killer bees (D:7)
  3 wights (D:3)
  2 crimson imps
  A quasit (D:6)
  A centaur zombie (D:9)
  4 bullfrog zombies
  8 hounds
  5 orc priests
  Crazy Yiuf (D:4)
  A jelly (D:9)
  A bullfrog skeleton (D:6)
  A gnoll shaman (D:4)
  8 orc wizards
  2 iguanas
  Terence (D:2)
  7 worker ants
  A worker ant zombie (D:5)
  9 adders
  4 shadow imps
  2 oozes
  4 worms
  2 dart slugs
  3 leopard geckos
  59 orcs
  A ball python (D:2)
  6 giant cockroaches
  5 hobgoblins
  15 jackals
  3 kobolds
  5 quokkas
  7 bats
  5 frilled lizards
  7 goblins
  A jackal skeleton (D:4)
  A leopard gecko skeleton (D:4)
  A quokka skeleton (D:4)
  10 rats
236 creatures vanquished.

Notes
Turn   | Place    | Note
-------+----------+-------------------------------------------
     0 | D:1      | RitorJet the Formicid Fighter began the quest for the Orb.
     0 | D:1      | Reached XP level 1. HP: 18/18 MP: 1/1
    79 | D:1      | Reached XP level 2. HP: 17/24 MP: 2/2
   286 | D:1      | Reached XP level 3. HP: 29/29 MP: 3/3
   640 | D:2      | Reached XP level 4. HP: 37/37 MP: 4/4
   664 | D:2      | Noticed Terence
   673 | D:2      | Killed Terence
  1155 | D:2      | Noticed Sigmund
  1167 | D:2      | Killed Sigmund
  1167 | D:2      | Reached XP level 5. HP: 40/43 MP: 5/5
  1167 | D:2      | Reached XP level 6. HP: 46/49 MP: 6/6
  1720 | D:3      | Reached skill level 1 in Dodging
  1720 | D:3      | Reached skill level 5 in Shields
  1737 | D:3      | Reached XP level 7. HP: 14/55 MP: 7/7
  2270 | D:3      | Reached skill level 5 in Axes
  2275 | D:3      | Reached skill level 1 in Stealth
  2543 | D:3      | Found a runed translucent door.
  2548 | D:3      | Noticed Borgoz's ghost (amateur MiMo)
  2602 | D:2      | You fall through a shaft!
  3006 | D:4      | Found a stormy altar of Qazlal.
  3079 | D:4      | Found a bloodstained altar of Trog.
  3174 | D:4      | Reached XP level 8. HP: 32/61 MP: 8/8
  3765 | D:4      | Got a shimmering spear
  3766 | D:4      | Identified the +2 spear of Loiciwne {vamp, rPois Str+2}
                  | (You found it on level 4 of the Dungeon)
  3863 | D:4      | Reached skill level 1 in Polearms
  3996 | D:4      | Found a blossoming altar of Fedhas.
  4040 | D:4      | Found a runed translucent door.
  4053 | D:4      | Noticed troglodite's ghost (amateur SpAs)
  4106 | D:4      | Found a runed translucent door.
  4107 | D:4      | Noticed Crazy Yiuf
  4120 | D:4      | Killed Crazy Yiuf
  4362 | D:4      | Found the +0 sword of Power
  4707 | D:4      | Reached skill level 1 in Long Blades
  4803 | D:5      | Entered Level 5 of the Dungeon
  5000 | D:5      | Reached skill level 2 in Long Blades
  5000 | D:5      | Reached XP level 9. HP: 67/67 MP: 9/9
  5002 | D:5      | Noticed Eustachio
  5136 | D:5      | Killed Eustachio
  5136 | D:5      | Reached skill level 3 in Long Blades
  5188 | D:5      | Found a staircase to the Ecumenical Temple.
  5260 | Temple   | Entered the Ecumenical Temple
  5490 | D:5      | Reached skill level 4 in Long Blades
  5516 | D:5      | Found a shattered altar of Ashenzari.
  5876 | D:6      | Reached skill level 5 in Long Blades
  6048 | D:6      | Reached skill level 6 in Long Blades
  6215 | D:6      | Reached skill level 7 in Long Blades
  6462 | D:7      | Reached skill level 8 in Long Blades
  6752 | D:7      | Reached XP level 10. HP: 60/73 MP: 10/10
  7503 | D:8      | Reached skill level 9 in Long Blades
  7619 | D:8      | Noticed Maurice
  7646 | D:8      | Killed Maurice
  7799 | D:8      | Reached skill level 10 in Long Blades
  7890 | D:8      | Reached skill level 5 in Fighting
  8508 | D:9      | Found a staircase to the Orcish Mines.
  8693 | D:9      | Found a shimmering altar of Xom.
  9051 | Orc:1    | Entered Level 1 of the Orcish Mines
  9112 | Orc:1    | Noticed a cyclops
  9132 | Orc:1    | Killed a cyclops
  9132 | Orc:1    | Reached skill level 11 in Long Blades
  9132 | Orc:1    | Reached XP level 11. HP: 79/83 MP: 11/11
  9148 | Orc:1    | Noticed an orc knight
  9177 | Orc:1    | Killed an orc knight
  9180 | Orc:1    | Mangled by an orc warrior

Skill      XL: |  1  2  3  4  5  6  7  8  9 10 11 |
---------------+----------------------------------+-----
Shields        | 4 5 |  5.8
Axes           | 4 5 6 |  6.5
Fighting       | 4 6 7 |  7.3
Armour         | 4 |  4.9
Dodging        | 1 |  1.5
Stealth        | 1 |  1.3
Polearms       | 3 |  3.9
Long Blades    | 2 8 11 | 11.2

Action                   |  1- 3 |  4- 6 |  7- 9 | 10-12 || total
-------------------------+-------+-------+-------+-------++-------
Melee: War axe           |   103 |   114 |   208 |       ||   425
       Spear             |       |       |   120 |       ||   120
       Great sword       |       |       |   145 |   201 ||   346
 Abil: Dig               |       |     1 |     9 |     9 ||    19
       Shaft Self        |       |       |     1 |       ||     1
Evoke: Wand              |       |       |     6 |       ||     6
  Use: Scroll            |       |     4 |     3 |       ||     7
       Potion            |       |     3 |     5 |     2 ||    10
 Stab: Invisible         |       |     3 |       |     4 ||     7
  Eat: Chunk             |       |     3 |    10 |     6 ||    19
       Ration            |       |       |     4 |     1 ||     5
Armor: Scale mail        |    60 |    35 |   192 |    16 ||   303
       Skin              |       |       |    17 |       ||    17
       Chain mail        |       |       |       |    55 ||    55
Dodge: Dodged            |    48 |    30 |   156 |    59 ||   293
Block: Shield            |    58 |    40 |   258 |    77 ||   433
       Rpst.: Great sword |       |       |    17 |    17 ||    34
